 Dungeon Crawl Stone Soup version 0.20-a0-839-gdaf5c57 (webtiles) character file.

257274 fotsohgehT the Phalangite (level 19, -3/170 HPs)
             Began as a Merfolk Gladiator on Feb 22, 2017.
             Was the Champion of Wu Jian.
             Slain by a vault warden
             ... wielding a +3 long sword of protection
              (39 damage)
             ... on level 2 of the Vaults on Mar 8, 2017.
             The game lasted 05:13:37 (41226 turns).

fotsohgehT the Phalangite (Merfolk Gladiator)      Turns: 41226, Time: 05:13:37

Health: -3/170     AC: 30    Str: 24    XL:     19   Next: 83%
Magic:  25/25      EV: 20    Int: 10    God:    Wu Jian [******]
Gold:   1496       SH:  4    Dex: 17    Spells: 0/18 levels left

rFire    + + .     SeeInvis .   s - +3 demon trident (vamp)
rCold    . . .     Gourm    .   x - +4 chain mail "Jugag" {rElec rF+ rCorr}
rNeg     + . .     Faith    .   (no shield)
rPois    +         Spirit   .   r - +1 helmet
rElec    +         Reflect  .   P - +2 cloak {MR+}
rCorr    +         Harm     .   c - +0 pair of gloves {Str+3}
MR       +++..                  t - +0 pair of boots
Stlth    ..........             S - amulet of regeneration
Regen    0.0/turn               w - ring of the Octopus King {rF+ AC+1 EV+1 Str+1 Int+1 Dex+1}
MPRegen  0.2/turn               G - ring of Oczaofihuq {rPois rN+ MR+}

@: very slightly contaminated, invisible
A: change form in water, swift swim, stealthy swim, large bone plates 1, slimy
green scales 1, mutation resistance 1, inhibited regeneration
}: 2/15 runes: decaying, serpentine
a: Serpent's Lash, Heaven On Earth, Renounce Religion


You were on level 2 of the Vaults.
You worshipped Wu Jian.
Wu Jian was exalted by your worship.
You were not hungry.

You visited 7 branches of the dungeon, and saw 34 of its levels.
You also visited: Ice Cave.

You collected 3779 gold pieces.
You spent 2283 gold pieces at shops.

Inventory:

Hand Weapons
 a - a +1 glaive of electrocution
 m - a +0 blowgun
 s - a +3 vampiric demon trident (weapon)
 W - a +0 bardiche
Missiles
 h - a throwing net (quivered)
 y - 12 curare-tipped needles
 H - 8 javelins
Armour
 b - the +5 plate armour of the Pink Corner {rC+ rN+ Regen+}
   (You bought it in a shop on level 11 of the Dungeon)

   It protects you from cold.
   It protects you from negative energy.
   It increases your rate of regeneration.
 c - a +0 pair of gloves of strength (worn)
 r - a +1 helmet (worn)
 t - a +0 pair of boots (worn)
 x - the +4 chain mail "Jugag" (worn) {rElec rF+ rCorr}
   (You bought it in a shop on level 11 of the Dungeon)

   It protects you from fire.
   It insulates you from electricity.
   It protects you from acid and corrosion.
 B - the +2 chain mail "Yso Miun" {rN+ MR+}
   (You bought it in a shop on level 11 of the Dungeon)

   It protects you from negative energy.
   It affects your resistance to hostile enchantments.
 P - a +2 cloak of magic resistance (worn)
 X - the +8 chain mail "Wotonium" {rPois Str+4}
   (You bought it in a shop on level 11 of the Dungeon)

   It affects your strength (+4).
   It protects you from poison.
Jewellery
 d - an uncursed ring of resist corrosion
 l - an uncursed ring of protection from cold
 w - a ring of the Octopus King (right hand) {rF+ AC+1 EV+1 Str+1 Int+1 Dex+1}
   (You found it on level 3 of the Lair of Beasts)

   [ring of protection from fire]

   It affects your AC (+1).
   It affects your evasion (+1).
   It affects your strength (+1).
   It affects your intelligence (+1).
   It affects your dexterity (+1).
   It protects you from fire.
 G - the ring of Oczaofihuq (left hand) {rPois rN+ MR+}
   (You found it on level 3 of the Lair of Beasts)

   [ring of positive energy]

   It protects you from poison.
   It protects you from negative energy.
   It affects your resistance to hostile enchantments.
 S - an amulet of regeneration (around neck)
 T - an uncursed amulet of rage
Wands
 e - a wand of iceblast (0/15)
 D - a wand of paralysis (2/24)
 J - a wand of digging (9/24)
 N - a wand of confusion (21/48)
Scrolls
 j - a scroll of immolation
 n - a scroll of fog
 o - 11 scrolls of teleportation
 p - 6 scrolls of magic mapping
 u - 5 scrolls of fear
 I - 7 scrolls of identify
 L - a scroll of enchant armour
 M - 3 scrolls of summoning {summ?}
 O - 11 scrolls of remove curse
 Q - 2 scrolls of recharging
 R - 7 scrolls of blinking
 U - a scroll of enchant weapon
Potions
 i - 4 potions of heal wounds
 k - 14 potions of curing
 q - 3 potions of ambrosia
 z - a potion of might
 A - 2 potions of berserk rage
 E - 4 potions of resistance
 K - 4 potions of haste
 V - 2 potions of mutation
 Y - 3 potions of agility
 Z - 2 potions of flight
Comestibles
 f - 8 bread rations
 g - 25 meat rations
 v - 4 royal jellies


   Skills:
 + Level 20.7 Fighting
 - Level 22.2 Polearms
 - Level 2.0 Throwing
 + Level 15.3 Armour
 + Level 15.8 Dodging
 - Level 8.3 Evocations


You couldn't memorise any spells.
You knew the following spells:

 Your Spells              Type           Power        Failure   Level  Hunger
a - Summon Butterflies    Summ           #.......     98%         1    ##.....
b - Deflect Missiles      Chrm/Air       #.........   100%        6    #######
c - Silence               Hex/Air        #.........   100%        5    ######.
d - Regeneration          Chrm/Necr      #.........   100%        3    ####...
e - Spectral Weapon       Hex/Chrm       #.......     100%        3    ####...


Dungeon Overview and Level Annotations

Branches:
Dungeon (15/15)            Temple (1/1) D:4            Lair (6/6) D:11
  Swamp (4/4) Lair:4        Snake (4/4) Lair:2          Orc (2/2) D:10
    Elf (0/3) Orc:2        Vaults (2/5) D:14          Crypt (0/3) Vaults:2
  Slime: Lair:5-6    Depths: D:15

Altars:
Ashenzari
Cheibriados
Dithmenos
Elyvilon
Fedhas
Gozag
Hepliaklqana
Kikubaaqudgha
Makhleb
Nemelex Xobeh
Okawaru
Qazlal
Ru
Sif Muna
Trog
Uskayaw
Vehumet
Wu Jian
Xom
Yredelemnul
Zin
The Shining One

Shops:
D:11 [}[[*   D:13 %   Orc:2 (:*[   Snake:1 =   Snake:4 [

Annotations:
D:3 exclusion: upstairs
Swamp:1 1 runed door(tmons)
Vaults:1 exclusion: downstairs


Innate Abilities, Weirdness & Mutations

You revert to your normal form in water.
You are very nimble and swift while swimming.
You are very stealthy in the water. (Stealth+)
You are partially covered in large bone plates. (SH +4)
You are partially covered in slimy green scales. (AC +2)
You are somewhat resistant to further mutation.
You do not regenerate when monsters are visible.


Message History

You puncture the stone giant!
You feel better.
The stone giant is moderately wounded.
The centaur shoots an arrow.
The vault warden blocks the arrow.
The ironbrand convoker casts a spell at the two-headed ogre.
The two-headed ogre seems to grow stronger.
The stone giant hits you but does no damage.
The centaur shoots an arrow.
The arrow hits the two-headed ogre.
You see here a bolt.
You spin and attack the vault warden repeatedly!
Your chain mail "Jugag" prevents you from hitting the vault warden.
The vault warden is moderately wounded.
The vault warden blocks your attack.
The vault warden is moderately wounded.
You spin and attack the stone giant.
You hit the stone giant.
You feel better.
The stone giant is moderately wounded.
The stone giant hits you!!
* * * LOW HITPOINT WARNING * * *
The centaur shoots an arrow.
The arrow hits the two-headed ogre!
The vault warden hits you with a long sword of protection!!!
You die...

#.>....###.....##
#. #......#
##.....## #.
#......# ##.....#
#. #......#
####### #.
#......# ##
#......# #......#
#####+####
#(o##(@# #c.C#Cp#


##opOOp# ###Oco.# #..##.).O..## #..+.).....# ##.######..... # ##...## ....# You
could see a stone giant, a vault warden, 2 two-headed ogres, an ogre mage, 2
ironbrand convokers, an orc warrior, an ogre and a centaur.

Vanquished Creatures
  A bone dragon (Vaults:2)
  Agnes (D:13)
  Kirke (D:15)
  2 thorn hunters
  10 nagarajas
  4 vault wardens
  An orc warlord (Orc:1)
  4 ironheart preservers
  Nessos (Lair:4)
  2 blizzard demons (IceCv)
  3 ogre magi
  A yaktaur captain (Vaults:2)
  Josephine (D:13)
  2 fire dragons
  18 hydras
  The ghost of Yehuk the Nimble, a journeyman DEFi of Okawaru (D:12)
  14 naga warriors
  An ice dragon (Vaults:1)
  Harold (D:10)
  7 vault guards
  A ghost crab (Swamp:4)
  11 anacondas
  7 centaur warriors
  12 death yaks
  5 orc high priests
  15 two-headed ogres
  A deep troll earth mage (Vaults:2)
  A deep troll shaman (Vaults:1)
  5 alligators
  The ghost of Syneil the Spear-Bearer, a novice DsGl (D:8)
  Nergalle (Lair:4)
  15 naga sharpshooters
  A spriggan (Swamp:2)
  9 shock serpents
  A deep elf knight (Vaults:2)
  A salamander mystic (Snake:2)
  6 deep trolls
  10 swamp dragons
  2 shambling mangroves (Swamp:4)
  7 naga ritualists
  A wizard (Vaults:2)
  2 deep elf archers (Vaults:2)
  2 ironbrand convokers
  3 orc knights
  6 orc sorcerers
  3 harpies (Vaults:2)
  8 deep elf magi
  4 oklob plants (Lair:3)
  An orb spider (shapeshifter) (D:14)
  Pikel (D:8)
  12 mana vipers
  28 ugly things
  A moth of wrath (shapeshifter) (D:14)
  6 cyclopes
  A manticore (D:13)
  A centaur zombie (D:11)
  9 salamanders
  4 guardian serpents
  5 elephants
  A guardian serpent (shapeshifter) (D:13)
  36 black mambas
  5 vault sentinels
  An ice statue (IceCv)
  29 naga magi
  2 torpor snails
  A torpor snail (shapeshifter) (D:14)
  An efreet (D:15)
  5 komodo dragons
  18 spiny frogs
  A kobold demonologist (D:13)
  15 rime drakes
  6 ice devils (IceCv)
  8 freezing wraiths
  15 yaktaurs
  2 anaconda simulacra (IceCv)
  3 trolls
  6 tyrant leeches
  A meliai (shapeshifter) (Vaults:1)
  8 blink frogs
  5 hornets
  9 hippogriffs
  21 dream sheep
  8 bog bodies
  32 slime creatures
  2 dire elephant simulacra (IceCv)
  2 shadows (Swamp:4)
  A vampire (D:15)
  48 yaks
  A basilisk (D:11)
  A wyvern (D:12)
  8 wraiths
  3 hungry ghosts (D:9)
  A basilisk (shapeshifter) (Vaults:1)
  19 vampire mosquitoes
  8 steam dragons
  2 iron troll simulacra (IceCv)
  Menkaure (D:6)
  4 harpy simulacra (IceCv)
  45 nagas
  5 insubstantial wisps (Swamp:1)
  3 hydra simulacra (IceCv)
  9 water moccasins
  2 wargs (Orc:1)
  14 swamp worms
  2 acid dragons
  13 porcupines
  17 swamp drakes
  25 orc warriors
  4 sky beasts
  An ettin simulacrum (IceCv)
  3 black bears
  3 ice beasts
  A phantom (D:9)
  2 necrophages
  5 boggarts (Vaults:1)
  An eye of draining (D:10)
  5 wolves (Lair:1)
  7 centaurs
  26 ogres
  7 crocodiles
  7 big kobolds
  12 bullfrogs
  An elf skeleton (D:7)
  2 wyvern zombies
  A wyvern skeleton (D:14)
  9 scorpions
  An elephant simulacrum (IceCv)
  4 killer bees (D:10)
  3 howler monkeys (D:12)
  6 wights
  An electric eel (Lair:1)
  5 crimson imps
  A bullfrog zombie (D:9)
  2 quasits
  A draconian simulacrum (IceCv)
  7 hounds
  22 orc priests
  3 bullfrog skeletons
  2 human zombies (D:7)
  6 jellies
  21 orc wizards
  2 human skeletons (D:7)
  11 worker ants
  3 iguanas
  A polar bear simulacrum (IceCv)
  A spriggan simulacrum (IceCv)
  A troll simulacrum (IceCv)
  A wolf simulacrum (IceCv)
  3 centaur simulacra (IceCv)
  8 ogre zombies (D:10)
  2 hound zombies
  A hound skeleton (D:5)
  A howler monkey zombie (D:6)
  A mummy (D:7)
  A howler monkey skeleton (D:7)
  13 adders
  4 gnolls
  3 naga simulacra (IceCv)
  An ogre simulacrum (IceCv)
  6 shadow imps
  4 white imps (IceCv)
  5 ufetubi (IceCv)
  A worm (D:2)
  6 leopard geckos
  67 orcs
  5 giant cockroaches
  4 goblins
  4 hobgoblins
  9 jackals
  3 quokkas
  A ball python (D:4)
  5 bats
  A giant cockroach zombie (D:6)
  3 goblin zombies (D:10)
  A hobgoblin skeleton (D:10)
  2 hobgoblin zombies (D:10)
  8 kobolds
  A leopard gecko skeleton (D:8)
  2 orc skeletons
  19 orc zombies
  A quokka skeleton (D:6)
  A quokka zombie (D:6)
  6 rats
  A briar patch (Swamp:4)
  A plant (Lair:3)
1168 creatures vanquished.

Vanquished Creatures (collateral kills)
  2 ugly things (Snake:3)
2 creatures vanquished.

Vanquished Creatures (others)
  An unseen horror (D:13)
  A swamp drake (Swamp:4)
  3 slaves (D:8)
  A howler monkey (D:14)
  2 white imps (IceCv)
  An orc (Vaults:2)
  9 briar patches (Swamp:2)
  10 fungi
  7 plants
35 creatures vanquished.

Grand Total: 1205 creatures vanquished

Notes
Turn   | Place    | Note
-------+----------+-------------------------------------------
     0 | D:1      | fotsohgehT the Merfolk Gladiator began the quest for the Orb.
     0 | D:1      | Reached XP level 1. HP: 16/16 MP: 1/1
   249 | D:1      | Reached skill level 5 in Polearms
   249 | D:1      | Reached XP level 2. HP: 15/22 MP: 2/2
  1137 | D:2      | Reached XP level 3. HP: 19/27 MP: 3/3
  1320 | D:2      | Reached skill level 6 in Polearms
  2056 | D:3      | Reached skill level 7 in Polearms
  2056 | D:3      | Reached XP level 4. HP: 33/33 MP: 4/4
  2173 | D:2      | Found a shattered altar of Ashenzari.
  2812 | D:4      | Reached skill level 8 in Polearms
  2812 | D:4      | Reached XP level 5. HP: 26/38 MP: 5/5
  3048 | D:4      | Reached skill level 9 in Polearms
  3051 | D:4      | Reached XP level 6. HP: 37/44 MP: 6/6
  3264 | D:4      | Reached skill level 10 in Polearms
  3675 | D:4      | Found a staircase to the Ecumenical Temple.
  3686 | Temple   | Entered the Ecumenical Temple
  3842 | Temple   | Became a worshipper of the Wu Jian Council
  4100 | D:4      | Found a deep blue altar of Sif Muna.
  4233 | D:5      | Entered Level 5 of the Dungeon
  4310 | D:5      | Reached XP level 7. HP: 52/52 MP: 7/7
  4570 | D:5      | Reached skill level 11 in Polearms
  5203 | D:6      | Reached skill level 5 in Fighting
  5203 | D:6      | Reached XP level 8. HP: 58/62 MP: 8/8
  5251 | D:6      | Found a stormy altar of Qazlal.
  5252 | D:6      | Noticed a water elemental
  5252 | D:6      | Noticed an air elemental
  5294 | D:6      | Found a shimmering altar of Xom.
  5317 | D:6      | Reached * piety under Wu Jian
  5362 | D:6      | Noticed Menkaure
  5387 | D:6      | Killed Menkaure
  5387 | D:6      | Reached skill level 12 in Polearms
  6034 | D:6      | Reached skill level 13 in Polearms
  6188 | D:6      | Reached XP level 9. HP: 54/72 MP: 9/9
  6195 | D:6      | Gained mutation: Your muscles are strong. (Str +2) [mutagenic meat]
  6196 | D:6      | Lost mutation: Your muscles are strong. (Str +2) [mutagenic meat]
  6197 | D:6      | Gained mutation: Scrolls take you a little longer to read. [mutagenic meat]
  6198 | D:6      | noice
  6240 | D:6      | Reached skill level 1 in Armour
  6249 | D:6      | Found a basalt altar of Yredelemnul.
  6254 | D:6      | Found an opulent altar of Gozag.
  6883 | D:7      | Found an ancient bone altar of Kikubaaqudgha.
  6905 | D:7      | Found a hazy altar of Hepliaklqana.
  6905 | D:7      | Found a burning altar of Makhleb.
  7001 | D:7      | Reached ** piety under Wu Jian
  7005 | D:7      | Gained mutation: You possess an exceptional clarity of mind. [mutagenic meat]
  7007 | D:7      | Gained mutation: You can translocate small distances at will. [mutagenic meat]
  7008 | D:7      | Lost mutation: You can translocate small distances at will. [mutagenic meat]
  7009 | D:7      | Gained mutation: You do not regenerate when monsters are visible. [mutagenic meat]
  7010 | D:7      | Gained mutation: You are partially covered in slimy green scales. (AC +2) [mutagenic meat]
  7117 | D:7      | Lost mutation: You possess an exceptional clarity of mind. [potion of mutation]
  7117 | D:7      | Gained mutation: Your body sometimes deteriorates upon taking damage. [potion of mutation]
  7117 | D:7      | Gained mutation: You are somewhat resistant to further mutation. [potion of mutation]
  7117 | D:7      | Gained mutation: You are partially covered in large bone plates. (SH +4) [potion of mutation]
  7498 | D:7      | Found an ancient bone altar of Kikubaaqudgha.
  7505 | D:7      | Reached skill level 14 in Polearms
  7921 | D:8      | Noticed Pikel
  7948 | D:8      | Killed Pikel
  7948 | D:8      | Reached XP level 10. HP: 78/82 MP: 10/10
  8225 | D:8      | Noticed a two-headed ogre
  8529 | D:9      | Reached skill level 1 in Evocations
  9088 | D:9      | Reached *** piety under Wu Jian
  9408 | D:9      | Reached skill level 15 in Polearms
  9503 | D:9      | Reached skill level 10 in Fighting
  9584 | D:9      | Noticed a two-headed hydra
  9600 | D:9      | Killed a two-headed hydra
  9600 | D:9      | Reached skill level 5 in Armour
  9600 | D:9      | Reached XP level 11. HP: 62/90 MP: 13/13
 10141 | D:10     | Entered Level 10 of the Dungeon
 10276 | D:10     | Noticed a two-headed ogre
 10277 | D:10     | Noticed a two-headed ogre
 10305 | D:10     | Killed a two-headed ogre
 10339 | D:10     | Killed a two-headed ogre
 10339 | D:10     | Reached skill level 5 in Evocations
 10734 | D:10     | Reached **** piety under Wu Jian
 11042 | D:10     | Reached skill level 16 in Polearms
 11110 | D:10     | Noticed a fire dragon
 11763 | D:10     | Noticed Harold
 11774 | D:10     | Killed Harold
 12082 | D:10     | Found a staircase to the Orcish Mines.
 12109 | D:10     | Reached skill level 5 in Dodging
 12377 | D:11     | Found Veno's Antique Armour Shop.
 12386 | D:11     | Noticed a brown ugly thing
 12401 | D:11     | Found a staircase to the Lair.
 12418 | D:11     | Found Taqucvio's Assorted Antiques.
 12422 | D:11     | Bought a scroll labeled PEECKU KIBLU for 28 gold pieces
 12422 | D:11     | Bought a scroll labeled ROWINO SIGOAR for 28 gold pieces
 12641 | D:11     | Noticed a white ugly thing
 12650 | Lair:1   | Entered Level 1 of the Lair of Beasts
 13133 | Lair:1   | pfff
 13166 | Lair:1   | Reached XP level 12. HP: 76/97 MP: 17/17
 14447 | Lair:1   | Reached ***** piety under Wu Jian
 14591 | Lair:2   | Found a staircase to the Snake Pit.
 14810 | Lair:2   | Identified a scroll of acquirement
 14816 | Lair:2   | Learned a level 1 spell: Summon Butterflies
 14825 | Lair:2   | Learned a level 6 spell: Deflect Missiles
 14945 | Lair:2   | my suffering was not for nothing
 14947 | Lair:2   | Upgraded the game from 0.20-a0-731-gecde0bf to 0.20-a0-738-gb057e68
 15233 | Lair:2   | Found an opulent altar of Gozag.
 15975 | Lair:3   | Lost mutation: Your body sometimes deteriorates upon taking damage. [potion of mutation]
 15975 | Lair:3   | Lost mutation: Scrolls take you a little longer to read. [potion of mutation]
 16264 | Lair:3   | Identified Vomm's Disquisition on the Arsonist
 16686 | Lair:4   | Noticed Nessos
 16692 | Lair:4   | Killed Nessos
 16692 | Lair:4   | Reached XP level 13. HP: 105/105 MP: 19/19
 16799 | Lair:4   | Noticed Nergalle
 16808 | Lair:4   | Killed Nergalle
 17147 | Lair:4   | Got an encrusted mace
 17167 | Lair:4   | Found a staircase to the Swamp.
 17398 | Lair:4   | Reached skill level 10 in Dodging
 18580 | Lair:5   | Reached XP level 14. HP: 88/117 MP: 20/20
 18723 | Lair:5   | Reached ****** piety under Wu Jian
 19292 | Lair:6   | Entered Level 6 of the Lair of Beasts
 19948 | Lair:3   | Got a ring of the Octopus King
 19955 | Lair:3   | Got an ancient wooden ring
 19975 | Lair:3   | Identified a ring of the Octopus King {rF+ AC+1 EV+1 Str+1 Int+1 Dex+1} (You found it on level 3 of the Lair of Beasts)
 19977 | Lair:3   | Identified the ring of Oczaofihuq {rPois rN+ MR+} (You found it on level 3 of the Lair of Beasts)
 19978 | Lair:3   | that's my mr finally
 20155 | D:11     | Bought a faintly humming chain mail for 237 gold pieces
 20165 | D:11     | Identified the +2 chain mail "Yso Miun" {rN+ MR+} (You bought it in a shop on level 11 of the Dungeon)
 20203 | D:11     | Bought a warped chain mail for 266 gold pieces
 20217 | D:11     | Identified the +4 chain mail "Jugag" {rElec rF+ rCorr} (You bought it in a shop on level 11 of the Dungeon)
 20217 | D:11     | Bought a notched agate ring for 140 gold pieces
 20321 | D:11     | Found Ocomiq's Gadget Boutique.
 20426 | D:11     | Reached skill level 10 in Armour
 20604 | D:11     | Found Owubavo's Armour Shoppe.
 20797 | D:11     | Found Irubboi's Antique Armour Boutique.
 21182 | D:12     | Got a twitching golden ring
 21185 | D:12     | Identified the ring of Beauty {*Tele rC- MR+ Str+4 SInv} (You found it on level 12 of the Dungeon)
 21345 | D:12     | Noticed Yehuk's ghost (journeyman DEFi)
 21361 | D:12     | Killed Yehuk's ghost
 21869 | D:13     | Got a spiked ring mail
 21880 | D:13     | Identified the +1 ring mail "Uvvoeb" {rElec rN+ MR++ Str-5} (You found it on level 13 of the Dungeon)
 21973 | D:13     | Reached XP level 15. HP: 126/126 MP: 21/21
 22075 | D:13     | Noticed Josephine
 22083 | D:13     | Killed Josephine
 22160 | D:13     | Found Fiajir's Food Boutique.
 22179 | D:13     | Reached skill level 15 in Fighting
 22284 | D:13     | Learned a level 5 spell: Silence
 22431 | D:14     | Noticed Agnes
 22619 | D:14     | pfffff
 23005 | D:14     | Found a shimmering altar of Xom.
 23637 | D:14     | Found a gate to the Vaults.
 23743 | D:14     | Noticed Kirke
 23760 | D:15     | Entered Level 15 of the Dungeon
 23802 | D:15     | Killed Kirke
 23942 | D:14     | Noticed a vault warden
 23957 | D:14     | Killed a vault warden
 24447 | D:13     | Killed Agnes
 24517 | D:11     | Bought a runed cloak for 180 gold pieces
 24523 | D:11     | Upgraded the game from 0.20-a0-738-gb057e68 to 0.20-a0-792-g09bcfd3
 24578 | Orc:1    | Entered Level 1 of the Orcish Mines
 25107 | Orc:2    | Entered Level 2 of the Orcish Mines
 25155 | Orc:2    | >1%
 25155 | Orc:2    | eat this!
 25322 | Orc:2    | Noticed an orc warlord
 25431 | D:11     | Bought an encrusted plate armour for 700 gold pieces
 25444 | D:11     | Identified the +5 plate armour of the Pink Corner {rC+ rN+ Regen+} (You bought it in a shop on level 11 of the Dungeon)
 25531 | Orc:1    | Killed an orc warlord
 25642 | Orc:2    | Found Tirof's Antique Weapon Boutique.
 25710 | Orc:2    | Found Amanil's General Store.
 25711 | Orc:2    | Found a staircase to the Elven Halls.
 25892 | Orc:2    | Reached XP level 16. HP: 138/138 MP: 22/22
 25905 | Orc:2    | Found Beerasche's Book Shoppe.
 25970 | Orc:2    | Found Gaott's Antique Armour Emporium.
 26123 | Orc:2    | Bought a pair of embroidered gloves for 210 gold pieces
 26134 | Orc:2    | Bought a crude cloak for 266 gold pieces
 26144 | Orc:2    | Identified the cursed +0 cloak of Fun and Games {rPois Str+6 Dex-5} (You bought it in a shop on level 2 of the Orcish Mines)
 26259 | D:8      | Noticed Syneil's ghost (novice DsGl)
 26275 | D:8      | Killed Syneil's ghost
 26751 | D:10     | Got a warped scimitar
 26753 | D:10     | Got a dazzling scale mail
 26779 | D:10     | Identified the +2 scale mail of the Ladybird {+Blink} (You found it on level 10 of the Dungeon)
 27348 | Swamp:1  | Entered Level 1 of the Swamp
 27349 | Swamp:1  | Upgraded the game from 0.20-a0-792-g09bcfd3 to 0.20-a0-823-gdec668e
 27555 | Swamp:1  | Got a smoking ring mail
 27566 | Swamp:1  | Identified the +4 ring mail of Ynlaih Peatt {+Blink rC+} (You found it on level 1 of the Swamp)
 27657 | Swamp:1  | Learned a level 3 spell: Regeneration
 27752 | Swamp:1  | Found a runed door.
 27752 | Swamp:1  | Noticed a tentacled monstrosity
 28756 | Swamp:2  | Noticed a thorn hunter
 29346 | Swamp:4  | Entered Level 4 of the Swamp
 29847 | Swamp:4  | feels good to be merfolk
 30316 | Swamp:4  | Noticed a thorn hunter
 30503 | Swamp:4  | Killed a thorn hunter
 30618 | Swamp:4  | Got a decaying rune of Zot
 30690 | Swamp:4  | Reached XP level 17. HP: 122/149 MP: 23/23
 31109 | Snake:1  | Entered Level 1 of the Snake Pit
 31305 | Snake:1  | i'm doing stupid things for some reason
 31416 | Snake:1  | Found Doqejok's Jewellery Shoppe.
 33179 | Snake:3  | Found a frozen archway.
 33189 | IceCv    | Entered an ice cave
 34461 | Snake:3  | >manual pf polearms
 34540 | Snake:3  | Reached skill level 17 in Polearms
 34735 | Snake:3  | Reached skill level 18 in Polearms
 34735 | Snake:3  | Reached XP level 18. HP: 138/159 MP: 24/24
 35082 | Snake:3  | Reached skill level 19 in Polearms
 35803 | Snake:4  | Entered Level 4 of the Snake Pit
 35836 | Snake:4  | Reached skill level 20 in Polearms
 36231 | Snake:3  | Reached skill level 21 in Polearms
 36342 | Snake:4  | Found Hoassah's Armour Shop.
 36551 | Snake:3  | Reached skill level 22 in Polearms
 37654 | Snake:4  | Got a serpentine rune of Zot
 38328 | Vaults:1 | Entered Level 1 of the Vaults
 38329 | Vaults:1 | Upgraded the game from 0.20-a0-823-gdec668e to 0.20-a0-839-gdaf5c57
 38453 | D:11     | :)xDDDDD)))))))lol
 38671 | Vaults:1 | Reached XP level 19. HP: 167/167 MP: 25/25
 38812 | Vaults:1 | Learned a level 3 spell: Spectral Weapon
 39632 | Vaults:1 | Reached skill level 15 in Armour
 39976 | Vaults:2 | Noticed a bone dragon
 40327 | D:11     | Bought a warped chain mail for 228 gold pieces
 40341 | D:11     | Identified the +8 chain mail "Wotonium" {rPois Str+4} (You bought it in a shop on level 11 of the Dungeon)
 40601 | Vaults:2 | Reached skill level 15 in Dodging
 41115 | Vaults:2 | Found a staircase to the Crypt.
 41215 | Vaults:2 | Killed a bone dragon
 41226 | Vaults:2 | Slain by a vault warden

Vault maps used:
D:1:      elethiomel_arrival_infinity_welcomes_careful_drivers,
          patterned_corridor
D:2:      lemuel_upstairs_altar, first_bread, minmay_misc_feat_alley
D:4:      overflow_temple_1_default, minmay_temple_entry_statues_fountains,
          grunt_decor_fettered
D:6:      gammafunk_temple_overflow_pools, overflow_temple_1_default,
          st_stairs_10, hangedman_glass_garden,
          nicolae_qazlal_style_of_elements, uniq_menkaure
D:7:      gammafunk_temple_overflow_forgotten,
          lemuel_mausoleum_altar_kikubaaqudgha
D:8:      uniq_pikel
D:9:      hangedman_ranch, kennysheep_generic_room_6
D:10:     dragon1_lemuel, zombieorc2_lemuel, kennysheep_path_1, uniq_harold
D:11:     lair_entry_dummy, serial_shops, nicolae_shop_waterfront, shop,
          kennysheep_mini, shop, shop
D:13:     serial_shops, shop, uniq_josephine
D:14:     david_vaults_4, hangedman_decor_points, xom_teletrap_fun, uniq_agnes,
          uniq_kirke
D:15:     gammafunk_enter_depths_forms, fountainhead, uniq_roxanne
Temple:   regret_index_temple_generic_petals
Lair:1:   lemuel_fruit_fields, serial_bayou_shore_a, grunt_megastairs_5
Lair:2:   guppyfry_snake_entry_garden, basic_altar, infiniplex_staircase_pool
Lair:3:   st_stairs_11, minmay_lair_oklob_chamber, grunt_megastairs_3
Lair:4:   minmay_swamp_entry_worms, uniq_nessos, uniq_nergalle
Lair:5:   small_statue_intersection, bobbens_dragon_lair_wall
Lair:6:   minmay_lair_end_frog_pond, nicolae_slime_entry_slimehenge, uniq_rupert
Swamp:1:  cheibrodos_swamp_sealed, infiniplex_staircase_pool_2
Swamp:2:  evilmike_swamp_ruin_rubble_2
Swamp:3:  evilmike_swamp_ruin_house_5
Swamp:4:  swamp_basic_johnstein, swamp_pool5
Snake:1:  serial_shops, shop
Snake:2:  nicolae_snake_salamander_stairs
Snake:3:  portal_ice_cave_entry_ugly_swarm, serial_bayou_shore_b
Snake:4:  snake_pit, serial_shops, shop
Orc:2:    grunt_orc_gardens, grunt_orc_garden, grunt_orc_garden,
          grunt_orc_garden, grunt_orc_garden, statue_in_the_mist_lemuel
Vaults:1: ontoclasm_vaults_misaligned, hangedman_vaults_snaps,
          nicolae_vaults_yaktaur_gun_rack, hangedman_vaults_slice
Vaults:2: vaults_mumra_lcd, vaults_dpeg_hooks, hangedman_vaults_trim,
          vaults_room_door_hall, nicolae_vaults_hallways_thing,
          ontoclasm_vaults_bender, v_misc_11, grunt_vaults_trifunnel,
          grunt_vaults_twisty, nicolae_vaults_border_crossing,
          nicolae_vaults_rhombus_5, v_misc_16, minmay_crypt_entry_nasty_monster
IceCv:    ice_cave_caverns_03

Skill      XL: |  1  2  3  4  5  6  7  8  9 10 11 12 13 14 15 16 17 18 19 |
---------------+----------------------------------------------------------+-----
Polearms       | 5 7 8 9 10 11 13 14 15 16 18 22 | 22.2
Fighting       | 3 5 7 9 10 11 13 14 16 18 19 20 | 20.7
Armour         | 3 5 6 7 9 10 12 13 14 15 | 15.3
Evocations     | 3 7 8 |  8.3
Dodging        | 5 9 11 12 14 15 | 15.8
Throwing       | |  2.0

Action                   |  1- 3 |  4- 6 |  7- 9 | 10-12 | 13-15 | 16-18 | 19-21 || total
-------------------------+-------+-------+-------+-------+-------+-------+-------++-------
Melee: Trident           |   123 |    40 |       |    33 |       |       |       ||   196
       Halberd           |       |    96 |   345 |   509 |       |       |       ||   950
       Hand axe          |       |       |     2 |       |       |       |       ||     2
       Glaive            |       |       |       |   188 |    13 |    10 |    40 ||   251
       Tailslap          |       |       |       |     1 |       |    36 |       ||    37
       Demon trident     |       |       |       |   236 |  1878 |  2363 |   648 ||  5125
Throw: Throwing net      |     3 |     2 |     3 |     1 |       |       |       ||     9
       Stone             |     1 |    11 |    12 |       |       |       |       ||    24
       Javelin           |       |       |     4 |     2 |       |       |       ||     6
       Tomahawk          |       |       |     7 |     2 |     7 |    41 |       ||    57
Invok: Serpent's Lash    |       |       |       |       |       |     3 |       ||     3
       Heaven On Earth   |       |       |       |       |       |     1 |       ||     1
Evoke: Wand              |       |       |     9 |    12 |    75 |     9 |     4 ||   109
       Box of beasts     |       |       |       |       |       |     2 |     1 ||     3
  Use: Scroll            |     5 |     3 |     4 |    12 |    14 |    15 |     2 ||    55
       Potion            |     1 |     3 |     1 |     1 |     3 |     4 |     2 ||    15
 Stab: Sleeping          |     1 |       |       |       |       |       |       ||     1
       Held in net/web   |       |     4 |     1 |     2 |       |       |       ||     7
       Paralysed         |       |       |     2 |    12 |    28 |       |       ||    42
       Distracted        |       |       |       |     4 |     1 |     4 |     2 ||    11
       Confused          |       |       |       |       |     2 |     3 |       ||     5
  Eat: Chunk             |     3 |     7 |    19 |    29 |    25 |    23 |     9 ||   115
       Fruit             |       |       |     3 |    10 |    17 |     2 |     1 ||    33
       Royal jelly       |       |       |       |       |       |    12 |     1 ||    13
       Bread ration      |       |       |       |       |       |       |     1 ||     1
Armor: Leather armour    |     6 |       |       |       |       |       |       ||     6
       Scale mail        |    32 |    35 |       |       |       |       |       ||    67
       Ring mail         |     1 |       |       |       |       |       |       ||     1
       Skin              |     7 |     2 |       |       |       |       |       ||     9
       Chain mail        |       |       |    35 |       |   213 |   653 |   157 ||  1058
       Plate armour      |       |       |   126 |   273 |   211 |    14 |       ||   624
Dodge: Dodged            |    65 |    59 |    91 |   161 |   470 |   937 |   248 ||  2031
Block: Other             |       |       |     6 |    70 |   130 |   171 |    48 ||   425
       Shield            |       |       |       |       |       |   165 |       ||   165
